 Dungeon Crawl Stone Soup version 0.21.1-1-g345015f (webtiles) character file.

162 GreamJoe the Shield-Bearer (level 5, -2/33 HPs)
             Began as a Gargoyle Fighter on Feb 14, 2018.
             Killed by divine providence
             ... invoked by an orc priest
              (13 damage)
             ... on level 3 of the Dungeon.
             The game lasted 00:25:56 (2676 turns).

GreamJoe the Shield-Bearer (Gargoyle Fighter)       Turns: 2676, Time: 00:25:57

Health: -2/33      AC: 13    Str: 20    XL:     5   Next: 43%
Magic:  5/5        EV:  8    Int:  9    God:
Gold:   123        SH:  9    Dex:  9    Spells: 4/4 levels left

rFire    . . .     SeeInvis .   a - +0 flail
rCold    . . .     Gourm    .   c - +0 shield
rNeg     + . .     Faith    .   i - +0 ring mail
rPois    ∞         Spirit   .   (no helmet)
rElec    +         Reflect  .   (no cloak)
rCorr    .         Harm     .   j - +2 pair of gloves
MR       .....                  (no boots)
Stlth    ..........             (no amulet)
HPRegen  0.11/turn              (no ring)
MPRegen  0.09/turn              (no ring)

@: no status effects
A: negative energy resistance 1, electricity resistance, unbreathing,
petrification resistance, rot immunity, AC +4
a: no special abilities


You were on level 3 of the Dungeon.
You were not hungry.

You visited 1 branch of the dungeon, and saw 4 of its levels.

You collected 123 gold pieces.

Inventory:

Hand Weapons
 a - a +0 flail (weapon)
 m - a +0 hunting sling
 n - a +0 mace
Armour
 b - a +0 scale mail
 c - a +0 shield (worn)
 f - a +1 cloak
 i - a +0 ring mail (worn)
 j - a +2 pair of gloves (worn)
 k - a +0 scale mail
 l - a -1 leather armour
 p - a +0 pair of gloves
Scrolls
 d - 3 scrolls of identify
 e - 2 scrolls of teleportation
 g - a scroll of remove curse
Potions
 h - a potion of heal wounds
 q - a potion of flight {unknown}
Comestibles
 o - 2 rations


   Skills:
 + Level 3.9 Fighting
 + Level 3.3 Maces & Flails
 + Level 4.0 Armour
 + Level 1.2 Dodging
 + Level 0.2 Stealth
 + Level 4.2 Shields


You had 4 spell levels left.
You didn't know any spells.

Dungeon Overview and Level Annotations

Branches:
Dungeon (4/15)
 Temple: D:4-7

Altars:
Wu Jian

Annotations:
D:3 1 transporter


Innate Abilities, Weirdness & Mutations

You are resistant to torment.
Your stone body is resilient. (AC +4)
You are immune to poison.
You resist negative energy. (rN+)
You are resistant to electric shocks. (rElec)
You can survive without breathing.
You are immune to petrification.
You are immune to rotting.


Message History

Okay, then.
An orc is nearby!
An orc priest comes into view. It is wielding a flail.
An orc comes into view. It is wielding a dagger.
The orc shouts!
The orc priest shouts!
The orc hits you but does no damage.
The orc priest calls down the wrath of Beogh upon you.
You are unaffected.
The orc priest calls down the wrath of Beogh upon you.
Beogh smites you! You block the orc's attack.
The orc priest calls down the wrath of Beogh upon you.
Beogh smites you!
You sock the orc!
You kill the orc!
The orc barely misses you.
You see here a dagger of protection.
The orc priest calls down the wrath of Beogh upon you.
Beogh smites you!
You die...

#.#.#.##.##....#.#.#
.#
...............#)#.# #
#+#.#........#.#.#.#
...........#...# ..
..##.##..#...# ...
####.##..#...# .
....#.#.###########
####..................
......#@..#........
.....###...#.#######
......# #o..#.#8≈#o55
###....#
#...#.#P.#≈≈≈≈ .
##)o...#$.#..≈≈≈
#.....©#©)+..≈⌠≈..+
#......#$.#..≈P≈..#
#......#P.#≈≈≈≈≈≈≈#
##...#..#8≈#5......#


You could see an orc priest and an orc.

Vanquished Creatures
  Crazy Yiuf (D:2)
  A hound skeleton (D:4)
  3 gnolls (D:2)
  2 adders (D:2)
  An ooze (D:2)
  3 worms (D:2)
  A dart slug (D:1)
  3 leopard geckos
  An orc (D:3)
  7 bats
  A giant cockroach (D:1)
  3 goblins
  12 hobgoblins
  2 quokkas (D:2)
  3 ball pythons
  7 kobolds
  6 rats
  A bush (D:2)
58 creatures vanquished.

Notes
Turn   | Place    | Note
-------+----------+-------------------------------------------
     0 | D:1      | GreamJoe the Gargoyle Fighter began the quest for the Orb.
     0 | D:1      | Reached XP level 1. HP: 14/14 MP: 1/1
   273 | D:1      | Reached XP level 2. HP: 19/19 MP: 2/2
   667 | D:1      | Reached XP level 3. HP: 8/23 MP: 3/3
  1392 | D:2      | Found an ornate altar of the Wu Jian Council.
  1567 | D:2      | Reached XP level 4. HP: 27/29 MP: 4/4
  1760 | D:2      | Found a runed door.
  1764 | D:2      | Noticed Crazy Yiuf
  1770 | D:2      | Killed Crazy Yiuf
  1770 | D:2      | Reached skill level 1 in Dodging
  1894 | D:2      | Reached XP level 5. HP: 33/33 MP: 5/5
  2555 | D:3      | Found a transporter.
  2676 | D:3      | Killed from afar by an orc priest

Skill      XL: |  1  2  3  4  5 |
---------------+----------------+-----
Shields        | 4 |  4.2
Maces & Flails | 3 |  3.3
Dodging        | 1 |  1.2
Armour         | 4 |  4.0
Fighting       | |  3.9
Stealth        | |  0.2

Action                   |  1- 3 |  4- 6 || total
-------------------------+-------+-------++-------
Melee: Flail             |   132 |   139 ||   271
  Use: Potion            |     1 |     1 ||     2
       Scroll            |     6 |     1 ||     7
  Eat: Ration            |     1 |     1 ||     2
Armor: Scale mail        |    63 |       ||    63
       Ring mail         |    19 |    65 ||    84
Dodge: Dodged            |    56 |    47 ||   103
Block: Shield            |    77 |    63 ||   140
